Map: Blackpink LE

Players

sLivko

  • Race: Zerg Zerg
  • League: Grandmaster
  • Spawn Location: 1:00

DeMusliM - Winner!

  • Race: Terran Terran
  • League: Grandmaster
  • Spawn Location: 7:00

Event: WESG Barcelona European Finals 2017

VOD

Have the link to the VOD?

Description

Time

  • Played on: Nov. 24, 2017, 6:54 a.m.
  • Length: 5:42

All games in this series

Show
View Real Time Build Order
Export as new Build Order

sLivko Zerg 

Build Orders: Hatch First, Roach Nydus 

Get SALT Encoding   

  12  0:00  Drone  
  13  0:12  Overlord  
  13  0:17  Drone  
  14  0:30  Drone x2  
  14  0:34  Drone  
  17  0:52  Hatchery  
  17  0:55  Drone  
  17  0:58  Drone  
  18  1:10  Extractor  
  17  1:13  Spawning Pool  
  17  1:16  Drone  
  17  1:19  Drone  
  18  1:28  Drone  
  19  1:38  Overlord  
  19  1:59  Queen  
  19  2:00  Zergling x4  
  23  2:03  Queen  
  23  2:04  Drone  
  26  2:21  Drone x2  
  26  2:22  Drone  
  29  2:27  Drone  
  30  2:35  Lair  
  30  2:38  Drone x2  
  30  2:39  Queen  
  30  2:42  Overlord  
  34  2:48  Drone  
  35  2:54  Drone  
  35  2:56  Roach Warren  
  35  2:57  Extractor  
  35  2:58  Drone  
  35  3:10  Drone  
  35  3:11  Drone  
  36  3:13  Drone  
  36  3:14  Queen  
  36  3:19  Drone x2  
  41  3:35  Nydus Network  
  41  3:38  Drone x2  
  41  3:39  Drone, Overlord, Extractor  
  42  3:42  Overlord  
  42  3:46  Roach  
  44  3:57  Queen  
  44  3:58  Roach  
  44  4:02  Roach x2  
  52  4:05  Roach  
  52  4:08  Roach  
  56  4:13  Nydus Canal  
  56  4:17  Overlord  
  56  4:20  Roach  
  56  4:23  Roach  
  59  4:32  Overlord  
  59  4:42  Overlord  
  57  4:56  Roach x2  
  57  4:58  Roach x3  
  67  5:04  Roach  
  69  5:10  Roach x2  
  69  5:12  Roach  
  67  5:14  Roach x2  
  67  5:15  Roach  
  67  5:18  Roach  
  67  5:20  Roach  
Show
View Real Time Build Order
Export as new Build Order

DeMusliM Terran - Winner!

Build Orders: Liberator Opening 

Get SALT Encoding   

  12  0:00  SCV  
  13  0:12  SCV  
  14  0:17  Supply Depot  
  14  0:25  SCV  
  15  0:28  Refinery  
  15  0:38  SCV  
  16  0:45  Barracks  
  16  0:50  SCV  
  17  1:02  SCV  
  18  1:15  SCV  
  19  1:31  Orbital Command  
  19  1:32  Marine  
  20  1:41  Command Center  
  20  1:51  Factory  
  20  1:55  Barracks Reactor  
  20  1:58  SCV  
  21  2:06  Supply Depot  
  21  2:11  SCV  
  21  2:14  Refinery  
  22  2:23  SCV  
  23  2:33  Marine x2  
  23  2:35  Starport  
  25  2:38  SCV  
  25  2:39  Widow Mine  
  28  2:50  SCV  
  29  2:51  Marine  
  29  2:53  Orbital Command  
  29  2:55  Marine  
  31  3:03  SCV  
  32  3:12  Medivac  
  34  3:19  SCV  
  35  3:21  SCV  
  35  3:22  Hellion  
  35  3:24  Supply Depot  
  35  3:25  Hellion  
  40  3:27  Marine  
  40  3:28  Liberator  
  40  3:33  Armory  
  41  3:35  SCV  
  41  3:37  SCV  
  46  3:50  Hellion  
  46  3:51  Hellion  
  46  3:54  SCV  
  46  3:55  SCV  
  52  3:58  Supply Depot  
  52  4:06  SCV  
  52  4:07  SCV  
  54  4:18  Liberator  
  54  4:20  SCV x2, Hellion x2  
  54  4:23  Supply Depot  
  60  4:36  Marine  
  60  4:41  Cyclone  
  60  4:42  SCV x2  
  65  4:54  SCV x2  
  67  5:02  Hellion  
  67  5:10  SCV x2  
  62  5:22  SCV  
  62  5:23  SCV  
  68  5:37  Barracks Reactor  
Tags
 
Add a new tag
Caveats
  • Supply blocks, unpowered buildings, or Contaminate may cause inaccurate times.
  • Supply counts are checked every 10 seconds.